[Event "*** MasterClass Titled Tuesday Blitz"]
[Site "Chess.com"]
[Date "2017.08.01"]
[Round "3"]
[White "CheckThis4"]
[Black "Malev212"]
[Result "0-1"]
[WhiteElo "2304"]
[BlackElo "2495"]
[TimeControl "180+2"]
[EndTime "13:36:42 PDT"]
[Termination "Malev212 won by resignation"]

1. d4 d6 2. g3 f5 3. Bg2 Nf6 4. Nc3 d5 5. Nf3 e6 6. Bf4 c6 7. O-O Be7 8. Ne5 Nbd7 9. f3 O-O 10. Qd2 Nxe5 11. Bxe5 Nd7 12. Bf4 g5 13. Be3 e5 14.
Rad1 e4 15. fxe4 fxe4 16. Bh3 Nb6 17. Rxf8+ Kxf8 18. Rf1+ Kg7 19. Bf5 Nc4 20. Qc1 Bxf5 21. Rxf5 Qd7 22. g4 Nd6 23. Re5 Qxg4+ 24. Kh1 Bf6 25.
Bxg5 Bxe5 26. dxe5 Nf5 27. Bf6+ Kf7 28. Nxd5 cxd5 29. Qd2 Ke6 30. Qb4 Rg8 0-1

[Event "*** MasterClass Titled Tuesday Blitz"]
[Site "Chess.com"]
[Date "2017.08.01"]
[Round "3"]
[White "jb2mix"]
[Black "GM_dmitrij"]
[Result "0-1"]
[WhiteElo "2454"]
[BlackElo "2473"]
[TimeControl "180+2"]
[EndTime "13:36:43 PDT"]
[Termination "GM_dmitrij won by resignation"]

1. e4 e5 2. Nf3 Nc6 3. Nc3 Nf6 4. Bb5 Bb4 5. d3 O-O 6. O-O Bxc3 7. bxc3 d6 8. d4 Nxe4 9. Bxc6 bxc6 10. dxe5 Nxc3 11. Qd3 Nd5 12. c4 Ne7 13. Bg5 Bf5 14. Bxe7 Bxd3 15. Bxd8 Rfxd8 16. Rfc1 Rab8 17. c5 Be4 18. cxd6 cxd6 19.
exd6 Rxd6 20. Ne5 f6 21. Nc4 Re6 22. Na5 Bd5 23. h3 Rb2 24. Nc4 Bxc4 25. Rxc4 Ree2 26.
Rf1 Rxa2 27. Rxc6 h6 28. Rc7 a5 29. h4 h5 30. Ra7 Kh7 31. g3 a4 32. Kg2 a3 33. Kf3 Rec2 34. Ra5 Kg6 35. Ra7 Rc3+ 36. Kg2 Rb2 37. Re1 Rcc2 38. Rxa3 Rxf2+ 39. Kg1 Rg2+ 40. Kh1 Rh2+ 41. Kg1 Rbg2+ 42. Kf1 Kf5 43. Rea1 Kg4 44.
Ra4+ Kh3 0-1

[Event "*** MasterClass Titled Tuesday Blitz"]
[Site "Chess.com"]
[Date "2017.08.01"]
[Round "3"]
[White "pKiLz5Rn9b"]
[Black "LastHeroJr"]
[Result "0-1"]
[WhiteElo "2585"]
[BlackElo "2406"]
[TimeControl "180+2"]
[EndTime "13:36:47 PDT"]
[Termination "LastHeroJr won by resignation"]

1. d4 Nf6 2. Nf3 g6 3. Nbd2 Bg7 4. e4 O-O 5. Be2 c5 6. dxc5 Qa5 7. O-O Qxc5 8. Nb3 Qc7 9. Bd3 Nc6 10. a3 d6 11.
h3 b6 12. Qe2 Bb7 13. Re1 Rac8 14. Bd2 Nd7 15. Rab1 Nc5 16. Nxc5 bxc5 17. Bf4 c4 18.
Bxc4 Nd4 19. Nxd4 Qxc4 20. Qxc4 Rxc4 21. c3 e5 22. Nb5 exf4 23. Nxd6 Rc7 24. Rbd1 Be5 25.
Nb5 Rc5 26. a4 a6 27. Nd6 Bc6 28. a5 Rxa5 29. Nc4 Rc5 30. Nxe5 Rxe5 31. Rd6 Re6 32. Rxe6 fxe6 33. f3 Rb8 34. b4 Bb5 35. Rc1 Rc8 36. Kf2 Kf7 37. Ke1 Ke7 38. Kd2 Rd8+ 39. Kc2 Ba4+ 40.
Kb2 Rd2+ 41. Ka3 Bd7 42. Rg1 Kd6 43. Kb3 Bb5 44. h4 Ke5 45. g3 fxg3 46. Rxg3 Kf4 47. Rh3 Be2 48. h5 g5 49. Rh2 Bd1+ 0-1

[Event "*** MasterClass Titled Tuesday Blitz"]
[Site "Chess.com"]
[Date "2017.08.01"]
[Round "3"]
[White "FMVolodymyrSakun"]
[Black "platy3"]
[Result "1-0"]
[WhiteElo "2514"]
[BlackElo "2587"]
[TimeControl "180+2"]
[EndTime "13:36:53 PDT"]
[Termination "FMVolodymyrSakun won by checkmate"]

1. e4 c5 2. Nf3 Nc6 3. d4 cxd4 4. Nxd4 Qb6 5. Nb3 Nf6 6. Nc3 e6 7. Be3 Qc7 8. a3 a6 9. Be2 Be7 10. O-O b5 11. f4 d6 12. Qe1 h5 13. Rd1 Bb7 14.
Qg3 g6 15. Bf3 Nd7 16. Qf2 Rc8 17. Kh1 Qb8 18. f5 Nde5 19. Be2 h4 20. f6 Bf8 21. h3 b4 22. axb4 Nxb4 23. Nd4 Qa8 24. Qf4 Nc4 25.
Bxc4 Rxc4 26. Nxe6 fxe6 27. Rxd6 Qc8 28. f7+ Ke7 29. Rd2 Nd5 30. Qg5+ Kd7 31. exd5 Kc7 32. dxe6 Qxe6 33. Qd8+ Kc6 34. Qb6# 1-0

[Event "*** MasterClass Titled Tuesday Blitz"]
[Site "Chess.com"]
[Date "2017.08.01"]
[Round "3"]
[White "ChessNinja48"]
[Black "lukas_111111"]
[Result "0-1"]
[WhiteElo "2296"]
[BlackElo "2420"]
[TimeControl "180+2"]
[EndTime "13:36:59 PDT"]
[Termination "lukas_111111 won by checkmate"]

1. d4 Nf6 2. Nf3 e6 3. c4 b6 4. a3 Bb7 5. Nc3 d5 6. cxd5 Nxd5 7.
Qc2 Be7 8. e4 Nxc3 9. bxc3 c5 10. Bd3 Qc7 11. O-O cxd4 12. cxd4 Qxc2 13. Bxc2 O-O 14.
Rd1 Rc8 15. Bd3 Nd7 16. Bb2 Nf6 17. Nd2 Rc7 18. f3 Rac8 19. Kf2 Ne8 20. Ke3 Nd6 21. a4 f5 22. e5 Ne8 23. a5 g5 24. axb6 axb6 25. Rdb1 Rd7 26. g4 fxg4 27. fxg4 Nc7 28. Ne4 Nd5+ 29. Kf3 Rf8+ 30. Kg3 Nf4 31. Bc4 Bxe4 32.
Re1 Bd5 33. Bf1 Kg7 34. Ra6 Kg6 35. Rxb6 h5 36. gxh5+ Nxh5+ 37. Kh3 Rf3+ 38. Kg4 Rf4+ 39. Kh3 g4# 0-1

[Event "*** MasterClass Titled Tuesday Blitz"]
[Site "Chess.com"]
[Date "2017.08.01"]
[Round "3"]
[White "MMSANCHEZ"]
[Black "Ilja_Semjonovs"]
[Result "1-0"]
[WhiteElo "2308"]
[BlackElo "2400"]
[TimeControl "180+2"]
[EndTime "13:37:00 PDT"]
[Termination "MMSANCHEZ won by resignation"]

1. d4 Nf6 2. Nf3 c5 3. d5 e6 4. Nc3 b5 5. Bg5 b4 6. Ne4 Bb7 7. Bxf6 gxf6 8. c4 bxc3 9. Nxc3 Qb6 10. Rb1 Na6 11. e4 Nc7 12. Bc4 Ba6 13. Qe2 Bxc4 14. Qxc4 Qb4 15. b3 Bd6 16. O-O Qxc4 17. bxc4 Ke7 18.
Rb7 Rhb8 19. Rfb1 Rxb7 20. Rxb7 Ne8 21. Nb5 a6 22. Nc3 Rb8 23. Rxb8 Bxb8 24. Na4 Ba7 25. Nd2 Nd6 26. Kf1 f5 27. e5 Ne4 28. Nxe4 fxe4 29.
d6+ Kd8 30. Ke2 f5 31. Ke3 Kc8 32. Kf4 Kb7 33. Kg5 Kc6 34. Kf6 Bb6 35. Nxb6 Kxb6 36. g3 Ka5 37. Ke7 Kb4 38. Kxd7 Kxc4 39. Kxe6 Kc3 40.
d7 c4 41. d8=Q Kb2 42. Qd4+ c3 43. Qb4+ Kc2 44. Kxf5 Kd3 45. Qxe4+ Kd2 46. Qd4+ Kc2 47. e6 Kb2 48. e7 1-0

[Event "*** MasterClass Titled Tuesday Blitz"]
[Site "Chess.com"]
[Date "2017.08.01"]
[Round "3"]
[White "Me_ch_an"]
[Black "Drags95"]
[Result "0-1"]
[WhiteElo "2407"]
[BlackElo "2525"]
[TimeControl "180+2"]
[EndTime "13:37:02 PDT"]
[Termination "Drags95 won on time"]

1. e4 e5 2. Nf3 Nc6 3. Bb5 a6 4. Ba4 Nf6 5. Qe2 d6 6. c3 g6 7.
d4 b5 8. Bb3 Bg7 9. O-O O-O 10.
Nbd2 Nh5 11. Bd5 Nf4 12. Qd1 Nxd5 13. exd5 Ne7 14. Qb3 Bb7 15. c4 exd4 16. Ne4 h6 17. Rd1 Rb8 18. Nxd4 bxc4 19. Qxc4 Bxd5 20. Qd3 c5 21. Nf3 Bxe4 22. Qxe4 d5 23. Qa4 Qb6 24. Rb1 Qb5 25. Qh4 Nf5 26. Qf4 Rbd8 27. b3 Rfe8 28. Ba3 Qa5 29. Qc1 c4 30. b4 Qa4 31. Bb2 c3 32. Bxc3 Rc8 33. Rb3 d4 34. Qa3 Qxa3 35.
Rxa3 dxc3 36. Rc1 Nd4 37. Nxd4 Bxd4 38. g3 Re2 0-1

[Event "*** MasterClass Titled Tuesday Blitz"]
[Site "Chess.com"]
[Date "2017.08.01"]
[Round "3"]
[White "attack2mateU"]
[Black "Jungle_Jaguar"]
[Result "1-0"]
[WhiteElo "2497"]
[BlackElo "2322"]
[TimeControl "180+2"]
[EndTime "13:37:07 PDT"]
[Termination "attack2mateU won by checkmate"]

1. e4 e5 2. Nf3 Nf6 3. Nxe5 d6 4. Nf3 Nxe4 5. Nc3 Nxc3 6. dxc3 Be7 7. Be3 Nc6 8. Qd2 Be6 9. O-O-O Qd7 10. h4 O-O-O 11.
Ng5 h6 12. Nxe6 fxe6 13. g3 d5 14. Bh3 Bd6 15. f4 Kb8 16. c4 Ne7 17. c5 Bxc5 18.
Bxc5 Nf5 19. Qc3 b6 20. Bxf5 exf5 21. Bd4 Rhg8 22. Rde1 Kb7 23. h5 c5 24. Be5 Qc6 25. Qf3 Rd7 26. g4 fxg4 27. Qxg4 d4 28. Rhg1 d3 29. cxd3 Ka6 30. Bc3 Rxd3 31. Re6 Qd5 32. Qe2 Rd8 33. Rd1 c4 34. Rxd3 cxd3 35.
Qe4 d2+ 36. Kd1 Qxa2 37. Qe2+ Kb7 38. Re7+ Kc6 39. Qe6+ Qxe6 40. Rxe6+ Kd5 41. Re2 Rf8 42. Rxd2+ Kc4 43. Rd4+ Kb3 44. Rb4+ Ka2 45. Kc2 a5 46. Ra4# 1-0

[Event "*** MasterClass Titled Tuesday Blitz"]
[Site "Chess.com"]
[Date "2017.08.01"]
[Round "3"]
[White "Fisher-Human"]
[Black "michaelq2d5"]
[Result "1-0"]
[WhiteElo "2446"]
[BlackElo "2589"]
[TimeControl "180+2"]
[EndTime "13:37:08 PDT"]
[Termination "Fisher-Human won by resignation"]

1. e4 e5 2. Nf3 Nc6 3. Nc3 Nf6 4. d4 exd4 5. Nxd4 Bb4 6. Nxc6 bxc6 7. Bd3 O-O 8. O-O d5 9. exd5 cxd5 10. Bg5 c6 11.
Qf3 Bd6 12. h3 Rb8 13. b3 Be5 14. Bf4 Qd6 15. Bxe5 Qxe5 16. Rae1 Qd6 17. Na4 Be6 18. Qe3 a5 19. Qc5 Qc7 20. f4 Rfe8 21. Re2 Bd7 22.
Rd2 Nh5 23. Qf2 Rb4 24. c4 Nf6 25. Nc5 Bc8 26. Re2 Rxe2 27. Qxe2 Rb8 28. Re1 Qd6 29. Qe8+ Qf8 30. Qe7 h6 31. cxd5 Nxd5 32. Bh7+ 1-0

[Event "*** MasterClass Titled Tuesday Blitz"]
[Site "Chess.com"]
[Date "2017.08.01"]
[Round "3"]
[White "IvaVidenova"]
[Black "TigranLPetrosyan"]
[Result "0-1"]
[WhiteElo "2469"]
[BlackElo "2746"]
[TimeControl "180+2"]
[EndTime "13:37:09 PDT"]
[Termination "TigranLPetrosyan won by resignation"]

1. e4 g6 2. d4 Bg7 3. Nc3 a6 4. f4 b5 5. Nf3 Bb7 6. Bd3 d6 7.
O-O Nd7 8. e5 Nh6 9. a4 b4 10.
Ne4 O-O 11. a5 c5 12. c3 bxc3 13. bxc3 cxd4 14. cxd4 Nf5 15. Qe2 dxe5 16. dxe5 e6 17. Ba3 Re8 18. Nd6 Nxd6 19. Bxd6 Bf8 20. Bxf8 Rxf8 21. Rfd1 Qe7 22. Rab1 Nc5 23. Bc2 Rfd8 24. h3 Rxd1+ 25. Rxd1 Qc7 26. Qd2 Bxf3 27. gxf3 Nb7 28. Be4 Rd8 29. Rc1 Rxd2 30. Rxc7 Nxa5 31. Ra7 Nc4 32.
Rxa6 Ne3 33. Ra3 Ng2 34. Bc6 Nxf4 35. Ra8+ Kg7 36. Ra7 Nxh3+ 37. Kf1 Rd4 38. Ke2 Rf4 39.
Ke3 g5 40. Ra1 Rf5 41. Be4 Rxe5 42. Rh1 g4 43. Kd4 f6 44. f4 Rxe4+ 0-1

[Event "*** MasterClass Titled Tuesday Blitz"]
[Site "Chess.com"]
[Date "2017.08.01"]
[Round "3"]
[White "Witik"]
[Black "olomi007"]
[Result "1-0"]
[WhiteElo "2575"]
[BlackElo "2473"]
[TimeControl "180+2"]
[EndTime "13:37:14 PDT"]
[Termination "Witik won by checkmate"]

1. e4 c5 2. Nf3 Nc6 3. Bb5 g6 4.
Bxc6 bxc6 5. O-O Bg7 6. Re1 Nf6 7. c3 O-O 8. h3 e5 9. d3 d6 10. a3 a5 11. a4 Ba6 12. Na3 Nd7 13. Qc2 f5 14. Nd2 f4 15. Nac4 f3 16. Nxf3 Rxf3 17. gxf3 Qh4 18. Nxd6 Qxh3 19. Re3 Qe6 20. Nc4 Bxc4 21.
dxc4 Rf8 22. Rd3 Nf6 23. Bg5 Nh5 24. Rad1 h6 25. Bc1 Qh3 26. Qe2 Nf4 27. Bxf4 Rxf4 28. Qf1 Qh5 29. Rd8+ Kh7 30. R1d3 Rxf3 31. Rxf3 Qxf3 32.
Qg2 Qf4 33. Rd7 Qc1+ 34. Kh2 Qxb2 35. Rd6 g5 36. Qf3 Qb8 37. Rd7 Qe8 38. Qf5+ Kg8 39. Kg2 h5 40. Rc7 Bf8 41. Qh7# 1-0

[Event "*** MasterClass Titled Tuesday Blitz"]
[Site "Chess.com"]
[Date "2017.08.01"]
[Round "3"]
[White "djogrodek1"]
[Black "nihalsarin"]
[Result "1-0"]
[WhiteElo "2406"]
[BlackElo "2610"]
[TimeControl "180+2"]
[EndTime "13:37:15 PDT"]
[Termination "djogrodek1 won by resignation"]

1. e4 c5 2. Nf3 b6 3. d4 cxd4 4. Nxd4 Bb7 5. Nc3 Nf6 6. f3 e6 7.
Bg5 Nc6 8. Be2 Qb8 9. Qd2 Nxd4 10. Qxd4 Bc5 11. Qd2 a6 12. Bf4 Qd8 13. Bd6 Rc8 14. e5 Nd5 15. Ne4 Be3 16. Qd3 b5 17. g3 Qb6 18. Kf1 h5 19. h4 Rh6 20. Kg2 Rg6 21.
Kh3 Bf2 22. Ng5 Ne3 23. f4 Bg2+ 24. Kh2 Qb7 25. Rhg1 Bxg1+ 26. Rxg1 Rc7 27. Qxe3 Rxc2 28. Rxg2 f6 29. exf6 gxf6 30. Qd3 1-0

[Event "*** MasterClass Titled Tuesday Blitz"]
[Site "Chess.com"]
[Date "2017.08.01"]
[Round "3"]
[White "IIIlllII1llIl"]
[Black "1stSecond"]
[Result "1-0"]
[WhiteElo "2629"]
[BlackElo "2465"]
[TimeControl "180+2"]
[EndTime "13:37:19 PDT"]
[Termination "IIIlllII1llIl won by resignation"]

1. e4 c5 2. c3 Nf6 3. e5 Nd5 4. Bc4 Nb6 5. Bb3 c4 6. Bc2 Nc6 7. Nf3 d6 8. exd6 e6 9. O-O Bxd6 10. d3 cxd3 11. Qxd3 Be7 12. Qe2 O-O 13. Rd1 Qc7 14. a4 a5 15. Na3 e5 16. Nb5 Qb8 17. Ng5 Bxg5 18. Bxg5 Be6 19. Nd6 Nd5 20. Rxd5 Bxd5 21. Qd3 g6 22. Qxd5 Qc7 23. Bb3 Kg7 24. Qd2 Rfd8 25.
Rd1 f6 26. Bh6+ Kh8 27. Nf7+ Qxf7 28. Bxf7 Rxd2 29. Rxd2 e4 30. Bd5 Rd8 31. Bxc6 Rxd2 32. Bxd2 bxc6 33. c4 Kg7 34. Bxa5 1-0

[Event "*** MasterClass Titled Tuesday Blitz"]
[Site "Chess.com"]
[Date "2017.08.01"]
[Round "3"]
[White "MartinMatthiesen"]
[Black "Saitama_Hero"]
[Result "1-0"]
[WhiteElo "2216"]
[BlackElo "2216"]
[TimeControl "180+2"]
[EndTime "13:37:21 PDT"]
[Termination "MartinMatthiesen won by resignation"]

1. d4 d6 2. e4 e5 3. Nf3 Nf6 4. dxe5 Nxe4 5. Qd5 Nc5 6. Bg5 Be7 7. exd6 cxd6 8. Bb5+ Nc6 9. O-O O-O 10. Bxe7 Nxe7 11.
Qd2 Qb6 12. Nc3 Bg4 13. Nd4 a6 14. Rfe1 Ng6 15. Nd5 Qd8 16. Be2 Bd7 17. Bf1 Rc8 18. b3 Ne6 19. c4 Re8 20. Rad1 Ne5 21. Nf5 Bc6 22. Nxd6 Ng6 23. Nxe8 Qxe8 24. f4 Nh4 25.
Qf2 Nf5 26. g4 Nh6 27. f5 Nxg4 28. Qg3 Qf8 29. Qxg4 Qc5+ 30. Kh1 Nc7 31. Qd4 Qa3 32. Bg2 Bxd5 33. cxd5 Ne8 34. d6 Nf6 35. d7 Rd8 36. Qb6 Qf8 37. Qxb7 Ng4 38. Qb6 g6 39. Qxd8 Qxd8 40.
Re8+ Kg7 41. Rxd8 1-0

[Event "*** MasterClass Titled Tuesday Blitz"]
[Site "Chess.com"]
[Date "2017.08.01"]
[Round "3"]
[White "renanreis"]
[Black "Alohamora11"]
[Result "1-0"]
[WhiteElo "2049"]
[BlackElo "2097"]
[TimeControl "180+2"]
[EndTime "13:37:23 PDT"]
[Termination "renanreis won by checkmate"]

1. d4 Nf6 2. c4 c5 3. d5 e6 4. Nc3 exd5 5. cxd5 d6 6. e4 g6 7. f4 Bg7 8. Bb5+ Nfd7 9. a4 O-O 10.
Nf3 Na6 11. O-O Nb4 12. Re1 Re8 13. e5 dxe5 14. fxe5 a6 15. Bg5 Qb6 16. a5 Qa7 17.
Ba4 c4+ 18. Kh1 Nd3 19. Be3 Qb8 20. e6 fxe6 21. dxe6 N7e5 22. Nxe5 Bxe5 23. Rf1 Rxe6 24. Qg4 Qc7 25. Nd5 Qg7 26. Qxc4 Nxb2 27. Qb3 Nxa4 28.
Rxa4 Bd7 29. Re4 Rf8 30. Rxf8+ Qxf8 31. Kg1 Kh8 32. Rxe5 Rxe5 33. Bd4 Qg7 34. Qc3 Qf7 35. Bxe5+ Kg8 36. Nf6+ Kf8 37. Qc5+ Kg7 38. Nxd7+ Kh6 39.
Qe3+ Kh5 40. Qh3+ Kg5 41. Bf6+ Kf4 42. Qf3# 1-0

[Event "*** MasterClass Titled Tuesday Blitz"]
[Site "Chess.com"]
[Date "2017.08.01"]
[Round "3"]
[White "stefanodinn"]
[Black "hermionegrangermagic"]
[Result "0-1"]
[WhiteElo "2170"]
[BlackElo "2343"]
[TimeControl "180+2"]
[EndTime "13:37:26 PDT"]
[Termination "hermionegrangermagic won by checkmate"]

1. e4 c5 2. Nf3 Nc6 3. d4 cxd4 4. Nxd4 e5 5. Nb5 d6 6. c4 f5 7. exf5 Bxf5 8. Bd3 Be6 9. O-O Nf6 10. N1c3 a6 11.
Na3 Be7 12. b3 O-O 13. Bb2 Nd4 14. Nc2 Nxc2 15. Qxc2 Qe8 16. Qe2 Bg4 17. f3 Be6 18. Ne4 Nh5 19. g3 Qf7 20. Rad1 Rfd8 21. Bb1 b5 22. cxb5 axb5 23. Qxb5 d5 24. Nc3 Rac8 25. Qe2 Bh3 26. Rfe1 Bc5+ 27. Kh1 Bd4 28. Na4 Bxb2 29. Nxb2 Re8 30. Qd3 e4 31. fxe4 Qf2 32. Qe2 Bg2# 0-1

[Event "*** MasterClass Titled Tuesday Blitz"]
[Site "Chess.com"]
[Date "2017.08.01"]
[Round "3"]
[White "Rodalquilar"]
[Black "Jadro9"]
[Result "1-0"]
[WhiteElo "2541"]
[BlackElo "2349"]
[TimeControl "180+2"]
[EndTime "13:37:28 PDT"]
[Termination "Rodalquilar won by resignation"]

1. d4 d5 2. Bf4 Nf6 3. e3 c5 4. Nf3 Nc6 5. Nbd2 Bg4 6. c3 e6 7. Qb3 Qc8 8. Qa4 Nd7 9. Bg3 Bf5 10. Nh4 Bg6 11. Nxg6 hxg6 12. Qd1 Be7 13. Bd3 Nf6 14.
h3 Qd7 15. Nf3 Bd6 16. Ne5 Qc7 17. f4 c4 18. Bc2 Ne7 19. Bf2 Nf5 20. g4 Nh4 21. Qe2 b5 22. a3 Ne4 23. Bxe4 dxe4 24. Bxh4 Rxh4 25. a4 f6 26. Nxg6 Rh6 27. f5 b4 28. Qg2 bxc3 29. Qxe4 Qc8 30. bxc3 Kf7 31. Rb1 Bg3+ 32. Ke2 Rb8 33. Rxb8 Bxb8 34. Rb1 Rxh3 35.
Rxb8 exf5 36. Qd5+ 1-0

[Event "*** MasterClass Titled Tuesday Blitz"]
[Site "Chess.com"]
[Date "2017.08.01"]
[Round "3"]
[White "oskariot"]
[Black "swayamsm"]
[Result "0-1"]
[WhiteElo "2498"]
[BlackElo "2439"]
[TimeControl "180+2"]
[EndTime "13:37:28 PDT"]
[Termination "swayamsm won by checkmate"]

1. c4 Nf6 2. Nc3 g6 3. e4 Bg7 4. d4 d6 5. Nf3 O-O 6. Be2 e5 7.
Be3 Ng4 8. Bg5 f6 9. Bh4 Nc6 10. h3 Nh6 11. c5 dxc5 12. dxe5 Qxd1+ 13. Rxd1 Nxe5 14. Nxe5 fxe5 15. Be7 Re8 16. Bc4+ Kh8 17. Nd5 Be6 18. Nxc7 Bxc4 19. Nxe8 Rxe8 20. Bxc5 b6 21. Be3 Ng8 22. b3 Bb5 23. f3 Nf6 24. Kf2 Kg8 25.
Rd6 Kf7 26. Rc1 Re7 27. Rc8 Ne8 28. Rdd8 Bf6 29. a4 Ba6 30. Rb8 g5 31. Bd2 Ng7 32.
Bb4 Rc7 33. Rf8+ Kg6 34. Rbd8 Bxd8 35. Rxd8 Rc2+ 36. Ke3 Ne6 37. Rd6 Kf7 38. Rd7+ Kg8 39.
Rxa7 Re2# 0-1

[Event "*** MasterClass Titled Tuesday Blitz"]
[Site "Chess.com"]
[Date "2017.08.01"]
[Round "3"]
[White "Rumpel-VK"]
[Black "XDPS"]
[Result "1-0"]
[WhiteElo "2432"]
[BlackElo "2512"]
[TimeControl "180+2"]
[EndTime "13:37:32 PDT"]
[Termination "Rumpel-VK won by resignation"]

1. d4 d5 2. c4 c6 3. cxd5 cxd5 4. Bf4 Nc6 5. e3 Nf6 6. Nc3 Bf5 7. Qb3 Na5 8. Qa4+ Bd7 9. Qc2 e6 10. Nf3 Bb4 11.
Bd3 Rc8 12. O-O O-O 13. Ne5 Bxc3 14. bxc3 Qe7 15. Bg5 h6 16. Bxf6 gxf6 17. Nxd7 Qxd7 18. Qe2 f5 19. Rac1 Qe7 20. f3 Qg5 21. e4 f4 22. Kh1 Nc4 23. Bxc4 Rxc4 24. exd5 exd5 25. g3 Rfc8 26. gxf4 Qxf4 27. Rg1+ Kf8 28. Rce1 Qf6 29. Qg2 Qg5 30. Qh3 Qf6 31. Qg2 Qg5 32. Qb2 Qf6 33. Qa3+ R8c5 34. dxc5 Qxf3+ 35. Rg2 Re4 36.
c6+ Ke8 37. Rxe4+ dxe4 38. Qxa7 bxc6 39. Qf2 Qxc3 40. Qe2 Qe5 41. Qc4 Qd5 42. Qxd5 cxd5 43. Rd2 Ke7 44. Rxd5 Ke6 45. Rd1 f5 46. a4 f4 47. Kg2 Ke5 48. a5 h5 49. a6 h4 50.
a7 f3+ 51. Kf2 Kf4 52. a8=Q e3+ 53. Kg1 f2+ 54. Kg2 e2 55. Qf3+ Kg5 56. Qxe2 h3+ 57.
Kxh3 f1=Q+ 58. Rxf1 Kh6 59. Qe5 1-0

[Event "*** MasterClass Titled Tuesday Blitz"]
[Site "Chess.com"]
[Date "2017.08.01"]
[Round "3"]
[White "DrVelja"]
[Black "IamSchrodingersCat"]
[Result "0-1"]
[WhiteElo "2518"]
[BlackElo "2435"]
[TimeControl "180+2"]
[EndTime "13:37:37 PDT"]
[Termination "IamSchrodingersCat won by resignation"]

1. e4 c5 2. Nf3 d6 3. d4 cxd4 4.
Nxd4 Nf6 5. Nc3 g6 6. Be3 Bg7 7.
f3 O-O 8. Qd2 Nc6 9. O-O-O d5 10. Kb1 Nxd4 11. e5 Nf5 12. exf6 exf6 13. Bc5 d4 14. Bxf8 Qxf8 15. Nb5 Ne3 16. Re1 f5 17. f4 Qc5 18. c3 Nxf1 19. Re8+ Bf8 20. Qxd4 Qxb5 21.
Qd8 Qc5 22. b4 Be6 23. Qxa8 Nd2+ 24. Kc2 Qd5 25. Rxf8+ Kg7 26. Rg8+ Kh6 27. Qf8+ Kh5 28. g4+ fxg4 29. Qc5 Bf5+ 30. Kb2 Qxh1 31. Rh8 Qb1+ 32.
Ka3 Qc1+ 33. Ka4 Qc2+ 34. Kb5 Qd3+ 35. Ka5 b6+ 0-1

[Event "*** MasterClass Titled Tuesday Blitz"]
[Site "Chess.com"]
[Date "2017.08.01"]
[Round "3"]
[White "ehrenfeld"]
[Black "Al_Shima"]
[Result "0-1"]
[WhiteElo "2395"]
[BlackElo "2397"]
[TimeControl "180+2"]
[EndTime "13:37:37 PDT"]
[Termination "Al_Shima won by resignation"]

1. e4 d5 2. exd5 Nf6 3. d4 Nxd5 4. Nf3 Bf5 5. Be2 e6 6. O-O Be7 7. c3 O-O 8. Re1 c5 9. Nbd2 Nc6 10. Nc4 Qc7 11. Ne3 Nxe3 12. Bxe3 Rfd8 13. Qa4 cxd4 14. Nxd4 Nxd4 15. Bxd4 e5 16. Be3 a6 17. Qb3 b5 18.
a4 Be6 19. Qc2 Bc4 20. axb5 axb5 21. Bf3 Rxa1 22. Rxa1 Bc5 23. Bxc5 Qxc5 24. g3 Bd3 25. Qd2 Qe7 26. Qe3 e4 27. Re1 f5 28. Bg2 b4 29. g4 bxc3 30. bxc3 fxg4 31. Bxe4 Bxe4 32.
Qxe4 Qxe4 33. Rxe4 Rc8 34. c4 h5 35. Kf1 Kf7 36. Ke2 Kf6 37. Kd3 Kg5 38. Kd4 Kh4 39. Re5 g6 40. Re6 Rf8 41. Ke3 Rf3+ 42. Ke2 Rc3 43.
Rc6 Rc2+ 44. Kf1 Kh3 45. Rxg6 Rxc4 46. Rh6 Rc1+ 47. Ke2 Rc5 48. f4 Kxh2 49. Ke3 g3 50. Rg6 g2 0-1

[Event "*** MasterClass Titled Tuesday Blitz"]
[Site "Chess.com"]
[Date "2017.08.01"]
[Round "3"]
[White "maciek_92"]
[Black "igorkovalenko"]
[Result "1-0"]
[WhiteElo "2523"]
[BlackElo "2656"]
[TimeControl "180+2"]
[EndTime "13:37:40 PDT"]
[Termination "maciek_92 won by checkmate"]

1. c4 e6 2. Nf3 b6 3. g3 Bb7 4.
Bg2 Be7 5. O-O Nf6 6. Re1 O-O 7. Nc3 d5 8. cxd5 exd5 9. d4 Nbd7 10. Bf4 Ne4 11.
Ne5 Nxc3 12. bxc3 Nxe5 13. Bxe5 c6 14. Qd3 Qd7 15. c4 Ba6 16. Rac1 Bxc4 17. Rxc4 dxc4 18. Qxc4 Rac8 19. Rc1 c5 20. d5 Bd6 21. Bb2 b5 22. Qh4 f5 23. e4 Rce8 24. Bh3 c4 25.
Bxf5 Rxf5 26. exf5 Qxf5 27. Qd4 Be5 28. Qe3 Re7 29. Bxe5 Qxe5 30. Qc5 a6 31. Qc8+ Kf7 32. Rd1 Qd6 33. Qf5+ Qf6 34. Qh5+ Qg6 35. Qf3+ Qf6 36. Qh5+ Kf8 37. d6 Rd7 38. Re1 g6 39. Qh6+ Qg7 40.
Qe3 Qf7 41. Qd4 Kg8 42. Re4 h5 43. Qe3 Kg7 44. Re6 Qf5 45. Re7+ Kf6 46. Qd4+ Kg5 47. h4+ Kh6 48. Qh8# 1-0

[Event "*** MasterClass Titled Tuesday Blitz"]
[Site "Chess.com"]
[Date "2017.08.01"]
[Round "3"]
[White "TregubovP"]
[Black "Sebastian"]
[Result "0-1"]
[WhiteElo "2476"]
[BlackElo "2789"]
[TimeControl "180+2"]
[EndTime "13:37:57 PDT"]
[Termination "Sebastian won by resignation"]

1. d4 Nf6 2. c4 g6 3. g3 c5 4. Nf3 Bg7 5. Bg2 Qa5+ 6. Nc3 Nc6 7. O-O cxd4 8. Nxd4 O-O 9. e3 d6 10. Nxc6 bxc6 11.
Bxc6 Rb8 12. Bg2 Ba6 13. Qe2 Rfc8 14. Nb5 Bxb5 15. cxb5 Rxb5 16. b3 Rxb3 17. axb3 Qxa1 18. Bb2 Qa2 19. Ra1 Qxb3 20. Bd4 a5 21. Rxa5 Qb1+ 22. Bf1 Ne4 23. Ra1 Qb3 24. Qa6 Rf8 25. Bxg7 Kxg7 26. Qa7 Qb2 27. Ra2 Qf6 28. Bg2 Nc3 29. Rc2 Rc8 30. h3 Rc5 31. Kh2 h5 32. h4 Ne4 33.
Rxc5 Nxc5 34. Qa2 Nd3 35. Kg1 Qc3 36. Qe2 e6 37. Kh2 d5 38. e4 d4 39. e5 Nc5 40. Qb5 d3 41. f4 d2 42. Bf3 Qxf3 0-1

[Event "*** MasterClass Titled Tuesday Blitz"]
[Site "Chess.com"]
[Date "2017.08.01"]
[Round "3"]
[White "Blitzking4444"]
[Black "AdrianaNikolova"]
[Result "1-0"]
[WhiteElo "2153"]
[BlackElo "2276"]
[TimeControl "180+2"]
[EndTime "13:38:00 PDT"]
[Termination "Blitzking4444 won on time"]

1. e4 c5 2. Nf3 Nc6 3. Bb5 d6 4. O-O Bd7 5. Re1 Nf6 6. h3 a6 7. Bf1 e6 8. c3 Be7 9. d4 cxd4 10. cxd4 d5 11. exd5 Nxd5 12. Nc3 Nxc3 13. bxc3 O-O 14. c4 Bf6 15. Rb1 Qc7 16. g3 Na5 17. Bf4 Qc6 18.
Ne5 Bxe5 19. Rxe5 b6 20. Bg2 Qxc4 21. Bxa8 Rxa8 22. Rc1 Qxa2 23. d5 h6 24. Qg4 Qb2 25.
Rce1 Kh7 26. Bxh6 gxh6 27. dxe6 Bxe6 28. Qe4+ Kg7 29. Qxa8 Nc4 30. R5e2 Qd4 31. Qf3 b5 32. Rxe6 fxe6 33. Rxe6 a5 34. Re7+ Kg6 35. Qf7+ Kg5 36. Qg8+ 1-0

[Event "*** MasterClass Titled Tuesday Blitz"]
[Site "Chess.com"]
[Date "2017.08.01"]
[Round "3"]
[White "dzhumagaliev"]
[Black "djano"]
[Result "1-0"]
[WhiteElo "2519"]
[BlackElo "2342"]
[TimeControl "180+2"]
[EndTime "13:38:05 PDT"]
[Termination "dzhumagaliev won by resignation"]

1. Nf3 e6 2. d3 d5 3. g3 Nf6 4.
Bg2 Be7 5. O-O O-O 6. Nbd2 d4 7. c3 c5 8. cxd4 cxd4 9. Ne5 Nbd7 10. Nec4 Rb8 11. a4 Nb6 12. Nb3 Nxc4 13. dxc4 e5 14. a5 Be6 15. Nd2 Qd7 16. b3 Bh3 17. Nf3 Bxg2 18.
Kxg2 Qf5 19. Qd3 Qh5 20. Nd2 Rfe8 21. f3 Nd7 22. g4 Qh4 23. Ne4 Nc5 24. Nxc5 Bxc5 25.
Qe4 Re6 26. Bd2 g6 27. b4 Bf8 28. g5 Qxe4 29. fxe4 Rc8 30. c5 Be7 31. Rf3 Kg7 32. Raf1 f6 33. gxf6+ Rxf6 34. Rxf6 Bxf6 35. Bh6+ Kxh6 36. Rxf6 Rd8 37. Rf7 Rb8 38. Re7 Kg5 39.
Kg3 Kf6 40. Rxh7 Ke6 41. h4 Kf6 42. Kg4 Rd8 43. Rxb7 d3 44. exd3 Rxd3 45. Rxa7 Re3 46. Rb7 Rxe4+ 47. Kg3 Re3+ 48. Kf2 Rb3 49. a6 1-0